ITL
TRENTON STARS @ OTSEGO BULLDOGS
05/20/2027
 
TOP OF THE 1ST
Trenton Stars batting - Pitching for Otsego Bulldogs : RHP Tim Hill
Pitching: RHP Tim Hill
Batting: SHB Nick Marshall 0-0: Called Strike
0-1: Ball
1-1: Foul Ball, location: 2F
1-2: Foul Ball, location: 2F
1-2: Ball
2-2: Ball
3-2: Hit by Pitch
Batting: RHB Chris Cole 0-0: Grounds into double play, 5-4-3 (Groundball, 5L)
Batting: RHB Rafael Canales 0-0: Called Strike
0-1: Ground out 6-3 (Groundball, 6)
Top of the 1st over - 0 run(s), 0 hit(s), 0 error(s), 0 left on base; Trenton 0 - Otsego 0
BOTTOM OF THE 1ST
Otsego Bulldogs batting - Pitching for Trenton Stars : RHP John Foster
Pitching: RHP John Foster
Batting: RHB Luis Antonio Velásquez 0-0: Ground out 4-3 (Groundball, 4)
Batting: RHB Juan Pérez 0-0: Ground out 1-3 (Groundball, 15S)
Batting: RHB Felipe Rodríguez 0-0: Foul Ball, location: 2F
0-1: Fly out, F7 (Flyball, 7)
Bottom of the 1st over - 0 run(s), 0 hit(s), 0 error(s), 0 left on base; Trenton 0 - Otsego 0
TOP OF THE 2ND
Trenton Stars batting - Pitching for Otsego Bulldogs : RHP Tim Hill
Batting: LHB Jeff Gordon 0-0: Ball
1-0: Called Strike
1-1: Fly out, F7 (Flyball, 7S)
Batting: RHB Clancy Booker 0-0: Ball
1-0: Swinging Strike
1-1: Swinging Strike
1-2: Ball
2-2: Strikes out swinging
Batting: LHB Gerardo Guzmán 0-0: Called Strike
0-1: Ball
1-1: Ball
2-1: Ball
3-1: Called Strike
3-2: SINGLE (Groundball, 4) (infield hit)
Batting: RHB Pablo Gómez 0-0: Called Strike
Gerardo Guzmán steals 2nd base
0-1: Foul Ball, location: 2F
0-2: Ground out 4-3 (Groundball, 4)
Top of the 2nd over - 0 run(s), 1 hit(s), 0 error(s), 1 left on base; Trenton 0 - Otsego 0
BOTTOM OF THE 2ND
Otsego Bulldogs batting - Pitching for Trenton Stars : RHP John Foster
Batting: RHB Jim Beck 0-0: Ball
1-0: Ball
2-0: Called Strike
2-1: Called Strike
2-2: Ball
3-2: Foul Ball, location: 2F
3-2: Fly out, F9 (Flyball, 9S)
Batting: RHB Armando Cuevas 0-0: Called Strike
0-1: Ball
1-1: Fly out, F3 (Popup, 3L)
Batting: RHB Felipe Rego 0-0: Foul Ball, location: 2F
0-1: Called Strike
0-2: Ball
1-2: Strikes out swinging
Bottom of the 2nd over - 0 run(s), 0 hit(s), 0 error(s), 0 left on base; Trenton 0 - Otsego 0
TOP OF THE 3RD
Trenton Stars batting - Pitching for Otsego Bulldogs : RHP Tim Hill
Batting: RHB Ángel Garza 0-0: Ball
1-0: Bunt for hit - play at first, batter OUT! 1-3
Batting: RHB Roberto Chávez 0-0: Ground out 4-3 (Groundball, 4)
Batting: SHB Nick Marshall 0-0: Ball
1-0: Ball
2-0: Swinging Strike
2-1: Ball
3-1: SINGLE (Line Drive, 89M)
Batting: RHB Chris Cole 0-0: Called Strike
0-1: Foul Ball, location: 2F
0-2: Ball
Nick Marshall steals 2nd base
1-2: Ball
2-2: Ground out 1-3 (Groundball, P)
Top of the 3rd over - 0 run(s), 1 hit(s), 0 error(s), 1 left on base; Trenton 0 - Otsego 0
BOTTOM OF THE 3RD
Otsego Bulldogs batting - Pitching for Trenton Stars : RHP John Foster
Batting: RHB Luis Maldonado 0-0: Ground out 5-3 (Groundball, 56)
Batting: RHB Kyung-bok Cho 0-0: Ball
1-0: Swinging Strike
1-1: Ball
2-1: Called Strike
2-2: Foul Ball, location: 2F
2-2: Foul Ball, location: 2F
2-2: Strikes out swinging
Batting: RHB Donald White 0-0: Ball
1-0: Called Strike
1-1: Ball
2-1: Ground out 3-1 (Groundball, 34S)
Bottom of the 3rd over - 0 run(s), 0 hit(s), 0 error(s), 0 left on base; Trenton 0 - Otsego 0
TOP OF THE 4TH
Trenton Stars batting - Pitching for Otsego Bulldogs : RHP Tim Hill
Batting: RHB Rafael Canales 0-0: Ball
1-0: Foul Ball, location: 2F
1-1: SINGLE (Groundball, 56D)
Batting: LHB Jeff Gordon 0-0: Ball
1-0: Ball
2-0: Fly out, F5 (Popup, 5L)
Batting: RHB Clancy Booker 0-0: Ball
1-0: Foul Ball, location: 2F
1-1: Ball
2-1: Foul Ball, location: 2F
2-2: Strikes out swinging
Batting: LHB Gerardo Guzmán 0-0: Called Strike
0-1: Ball
1-1: Foul Ball, location: 2F
1-2: Strikes out swinging
Top of the 4th over - 0 run(s), 1 hit(s), 0 error(s), 1 left on base; Trenton 0 - Otsego 0
BOTTOM OF THE 4TH
Otsego Bulldogs batting - Pitching for Trenton Stars : RHP John Foster
Batting: RHB Luis Antonio Velásquez 0-0: Called Strike
0-1: Called Strike
0-2: Ball
1-2: Ball
2-2: Ground out 6-3 (Groundball, 6)
Batting: RHB Juan Pérez 0-0: Foul Ball, location: 2F
0-1: Foul Ball, location: 2F
0-2: SINGLE (Line Drive, 4MD)
Batting: RHB Felipe Rodríguez 0-0: Ball
Juan Pérez is caught stealing 2nd base
1-0: Foul Ball, location: 2F
1-1: Foul Ball, location: 2F
1-2: Strikes out swinging
Bottom of the 4th over - 0 run(s), 1 hit(s), 0 error(s), 0 left on base; Trenton 0 - Otsego 0
TOP OF THE 5TH
Trenton Stars batting - Pitching for Otsego Bulldogs : RHP Tim Hill
Batting: RHB Pablo Gómez 0-0: Foul Ball, location: 2F
0-1: Ball
1-1: Ball
2-1: Swinging Strike
2-2: Strikes out swinging
Batting: RHB Ángel Garza 0-0: Fly out, F3 (Popup, 3L)
Batting: RHB Roberto Chávez 0-0: Called Strike
0-1: Ball
1-1: SINGLE (Line Drive, 7S)
Batting: SHB Nick Marshall 0-0: Ball
1-0: Ball
2-0: Foul Ball, location: 2F
2-1: Foul Ball, location: 2F
2-2: Fly out, F8 (Flyball, 8RD)
Top of the 5th over - 0 run(s), 1 hit(s), 0 error(s), 1 left on base; Trenton 0 - Otsego 0
BOTTOM OF THE 5TH
Otsego Bulldogs batting - Pitching for Trenton Stars : RHP John Foster
Batting: RHB Jim Beck 0-0: Ball
1-0: Ground out 5-3 (Groundball, 56S)
Batting: RHB Armando Cuevas 0-0: Foul Ball, location: 2F
0-1: Foul Ball, location: 2F
0-2: Foul Ball, location: 2F
0-2: Ball
1-2: Strikes out swinging, 2-3 out at first.
Batting: RHB Felipe Rego 0-0: Ball
1-0: Ball
2-0: Swinging Strike
2-1: Swinging Strike
2-2: Foul Ball, location: 2F
2-2: Ground out 6-3 (Groundball, 6)
Bottom of the 5th over - 0 run(s), 0 hit(s), 0 error(s), 0 left on base; Trenton 0 - Otsego 0
TOP OF THE 6TH
Trenton Stars batting - Pitching for Otsego Bulldogs : RHP Tim Hill
Batting: RHB Chris Cole 0-0: Ball
1-0: Ball
2-0: Called Strike
2-1: SINGLE (Groundball, 56D)
Batting: RHB Rafael Canales 0-0: Ball
1-0: Ball
2-0: Called Strike
2-1: DOUBLE (Flyball, 78D)
Chris Cole to third
Runner from 3rd tries for Home, SAFE, throw made at trailing runner, OUT at third!
Batting: LHB Jeff Gordon 0-0: Called Strike
0-1: Ground out U3 (Groundball, 3)
Batting: RHB Clancy Booker 0-0: Ball
1-0: Foul Ball, location: 2F
1-1: Swinging Strike
1-2: Strikes out swinging
Top of the 6th over - 1 run(s), 2 hit(s), 0 error(s), 0 left on base; Trenton 1 - Otsego 0
BOTTOM OF THE 6TH
Otsego Bulldogs batting - Pitching for Trenton Stars : RHP John Foster
Batting: RHB Luis Maldonado 0-0: Bunted foul
0-1: Ball
1-1: Swinging Strike
1-2: Foul Ball, location: 2F
1-2: Strikes out swinging
Batting: RHB Kyung-bok Cho 0-0: Bunt for hit - play at first, batter safe!
Batting: RHB Donald White 0-0: Ball
1-0: Called Strike
1-1: Ball
2-1: Ball
3-1: Called Strike
3-2: Foul Ball, location: 2F
3-2: Foul Ball, location: 2F
3-2: Foul Ball, location: 2F
3-2: TRIPLE (Groundball, 3L)
Kyung-bok Cho scores
Batting: RHB Luis Antonio Velásquez 0-0: Swinging Strike
0-1: Called Strike
0-2: Ball
1-2: Ball
2-2: Foul Ball, location: 2F
2-2: Ground out 4-3 (Groundball, 4)
Donald White scores
Batting: RHB Juan Pérez 0-0: Called Strike
0-1: Foul Ball, location: 2F
0-2: Ball
1-2: Foul Ball, location: 2F
1-2: Ball
2-2: Ball
3-2: Foul Ball, location: 2F
3-2: Fly out, F8 (Flyball, 8LM)
Bottom of the 6th over - 2 run(s), 2 hit(s), 0 error(s), 0 left on base; Trenton 1 - Otsego 2
TOP OF THE 7TH
Trenton Stars batting - Pitching for Otsego Bulldogs : RHP Tim Hill
Batting: LHB Gerardo Guzmán 0-0: SINGLE (Groundball, 34) (infield hit)
Batting: RHB Pablo Gómez 0-0: Called Strike
0-1: Ball
1-1: Ball
2-1: SINGLE (Line Drive, 56D)
Gerardo Guzmán to second
Pitching: RHP Dave Johnston
Pinch Hitting: LHB Marvin Morris 0-0: Called Strike
0-1: Called Strike
0-2: Ball
1-2: Ball
2-2: Strikes out swinging
Batting: RHB Roberto Chávez 0-0: Ball
1-0: Ball
2-0: SINGLE (Line Drive, 56D)
Gerardo Guzmán to third
Pablo Gómez to second
Runner from 3rd tries for Home, SAFE, no throw
Batting: SHB Nick Marshall 0-0: Called Strike
0-1: DOUBLE (Line Drive, 89M)
Pablo Gómez scores
Roberto Chávez to third
Runner from 3rd tries for Home, SAFE, no throw
Batting: RHB Chris Cole 0-0: Called Strike
0-1: Foul Ball, location: 2F
0-2: Strikes out swinging
Batting: RHB Rafael Canales 0-0: Called Strike
0-1: SINGLE (Groundball, 56D)
Nick Marshall to third
Runner from 3rd tries for Home, SAFE, no throw
Pitching: LHP Mario Solíz
Batting: LHB Jeff Gordon 0-0: Ball
1-0: SINGLE (Groundball, 34) (infield hit)
Rafael Canales to second
Pinch Runner at 1st Jonas Uttley:
Batting: RHB Clancy Booker 0-0: Ball
1-0: Called Strike
1-1: Ball
2-1: Swinging Strike
2-2: Ground out 1-3 (Groundball, 15S)
Top of the 7th over - 4 run(s), 6 hit(s), 0 error(s), 2 left on base; Trenton 5 - Otsego 2
BOTTOM OF THE 7TH
Otsego Bulldogs batting - Pitching for Trenton Stars : RHP John Foster
Now at 3B: Kenji Murayama
Now in RF: Jonas Uttley
Batting: RHB Felipe Rodríguez 0-0: Ball
1-0: Ball
2-0: Swinging Strike
2-1: DOUBLE (Line Drive, 5D)
Pitching: RHP Gilberto Martínez
Batting: RHB Jim Beck 0-0: Called Strike
0-1: Ball
1-1: Fly out, F9 (Flyball, 9LSF)
Batting: RHB Armando Cuevas 0-0: Ball
1-0: Swinging Strike
1-1: Foul Ball, location: 2F
1-2: Ball
2-2: Ball
3-2: Base on Balls
Batting: RHB Felipe Rego 0-0: Called Strike
0-1: Swinging Strike
0-2: Ball
1-2: Ball
2-2: Strikes out swinging
Batting: RHB Luis Maldonado 0-0: Foul Ball, location: 2F
0-1: Foul Ball, location: 2F
0-2: Strikes out swinging
Bottom of the 7th over - 0 run(s), 1 hit(s), 0 error(s), 2 left on base; Trenton 5 - Otsego 2
TOP OF THE 8TH
Trenton Stars batting - Pitching for Otsego Bulldogs : LHP Mario Solíz
Batting: LHB Gerardo Guzmán 0-0: Fly out, F9 (Flyball, 9D)
Batting: RHB Pablo Gómez 0-0: Called Strike
0-1: SINGLE (Flyball, 8RS) - OUT at second base trying to stretch hit.
Batting: RHB Kenji Murayama 0-0: Ball
1-0: Foul Ball, location: 2F
1-1: Ball
2-1: Called Strike
2-2: Ground out 5-3 (Groundball, 56)
Top of the 8th over - 0 run(s), 1 hit(s), 0 error(s), 0 left on base; Trenton 5 - Otsego 2
BOTTOM OF THE 8TH
Otsego Bulldogs batting - Pitching for Trenton Stars : RHP Gilberto Martínez
Batting: RHB Kyung-bok Cho 0-0: Ball
1-0: Ball
2-0: Hit by Pitch
Batting: RHB Donald White 0-0: Ball
1-0: Ball
2-0: SINGLE (Groundball, 6MD)
Kyung-bok Cho to second
Runner from 2nd tries for 3rd, SAFE, throw made to third
Donald White to second
Batting: RHB Luis Antonio Velásquez 0-0: Foul Ball, location: 2F
0-1: Swinging Strike
0-2: Ball
1-2: Ground out 5-3 (Groundball, 56S)
Kyung-bok Cho scores
Donald White to third
Batting: RHB Juan Pérez 0-0: SINGLE (Line Drive, 89S)
Donald White scores
Pitching: RHP Jonathan Booker
Batting: RHB Felipe Rodríguez 0-0: Called Strike
0-1: Ball
1-1: Ball
Balk!
Juan Pérez to second
2-1: Ball
3-1: Base on Balls
Pitching: RHP Bartolo Rodríguez
Batting: RHB Jim Beck 0-0: Foul Ball, location: 2F
0-1: Foul Ball, location: 2F
0-2: Ball
1-2: Ball
2-2: Foul Ball, location: 2F
2-2: Ball
3-2: Foul Ball, location: 2F
3-2: Fly out, F4 (Line Drive, 4)
Batting: RHB Armando Cuevas 0-0: Foul Ball, location: 2F
0-1: Ball
1-1: DOUBLE (Groundball, 5L)
Juan Pérez scores
Felipe Rodríguez to third
Runner from 3rd tries for Home, SAFE, throw made home
Batting: RHB Felipe Rego 0-0: Called Strike
0-1: Ground out 5-3 (Groundball, 56S)
Bottom of the 8th over - 4 run(s), 3 hit(s), 0 error(s), 1 left on base; Trenton 5 - Otsego 6
TOP OF THE 9TH
Trenton Stars batting - Pitching for Otsego Bulldogs : LHP Mario Solíz
Pitching: RHP Kenshin Kubota
Now at 2B: Pablo Morán
Batting: RHB Roberto Chávez 0-0: Foul Ball, location: 2F
0-1: Ball
1-1: Foul Ball, location: 2F
1-2: Strikes out swinging
Batting: SHB Nick Marshall 0-0: Called Strike
0-1: Foul Ball, location: 2F
0-2: Foul Ball, location: 2F
0-2: Ball
1-2: Fly out, F7 (Line Drive, 7)
Batting: RHB Chris Cole 0-0: Called Strike
0-1: Hit by Pitch
Batting: RHB Rafael Canales 0-0: Called Strike
0-1: Called Strike
0-2: Ball
1-2: Strikes out looking
Top of the 9th over - 0 run(s), 0 hit(s), 0 error(s), 1 left on base; Trenton 5 - Otsego 6
Thursday, March 30th, 2017 - OOTP Baseball 17.12 Build 75